CAR
SALEM RED SOX @ FREDERICK KEYS
05/10/2099
 
TOP OF THE 1ST
Salem Red Sox batting - Pitching for Frederick Keys : LHP James Schillaci
Pitching: LHP James Schillaci
Batting: RHB Eddie Chavez 0-0: Ball
1-0: Foul Ball, location: 9LDF
1-1: Foul Ball, location: 2RF
1-2: Strikes out swinging
Batting: RHB Eddie Pizana 0-0: Called Strike
0-1: Swinging Strike
0-2: Ball
1-2: Ball
2-2: Ground out 1-3 (Groundball, 34S, EV 70.0 MPH)
Batting: RHB Zane Wilder 0-0: Ball
1-0: Ball
2-0: Called Strike
2-1: Ball
3-1: Base on Balls
Batting: LHB Chris Baker 0-0: Foul Ball, location: 7LMF
0-1: Ball
Wild Pitch!
Zane Wilder to second
1-1: Ball
2-1: Fly out, F8 (Flyball, 8RXD, EV 103.8 MPH)
Top of the 1st over - 0 runs, 0 hits, 0 errors, 1 left on base; Salem 0 - Frederick 0
BOTTOM OF THE 1ST
Frederick Keys batting - Pitching for Salem Red Sox : RHP Giampietro Avellino
Pitching: RHP Giampietro Avellino
Batting: RHB Jonathan Negrete 0-0: Fly out, F7 (Flyball, 78S, EV 78.8 MPH)
Batting: SHB Edgar Pedraza 0-0: Foul Ball, location: 2F
0-1: Ball
1-1: Foul Ball, location: 7LSF
1-2: Strikes out looking
Batting: RHB Jon Baker 0-0: Hit by Pitch
Batting: RHB Bob Cairns 0-0: Called Strike
0-1: Ball
1-1: Foul Ball, location: 3F
1-2: Fly out, F6 (Line Drive, 6, EV 70.6 MPH)
Bottom of the 1st over - 0 runs, 0 hits, 0 errors, 1 left on base; Salem 0 - Frederick 0
TOP OF THE 2ND
Salem Red Sox batting - Pitching for Frederick Keys : LHP James Schillaci
Batting: RHB Romeo Zimolo 0-0: Ball
1-0: Foul Ball, location: 3F
1-1: Called Strike
1-2: Strikes out swinging
Batting: RHB Bill Torres 0-0: Called Strike
0-1: Swinging Strike
0-2: Foul Ball, location: 2F
0-2: Ball
1-2: Ball
2-2: Ball
3-2: Foul Ball, location: 23F
3-2: SINGLE (Groundball, 4MD, EV 97.5 MPH)
Batting: RHB Matt Frank 0-0: Ball
1-0: Fly out, F9 (Flyball, 9, EV 84.4 MPH)
Batting: RHB Jesus Barvosa 0-0: Ball
1-0: Ball
2-0: Ball
3-0: Base on Balls
Bill Torres to second
Batting: RHB John Ristau Jr. 0-0: Called Strike
0-1: Ball
1-1: Ball
2-1: Called Strike
2-2: Fly out, F8 (Flyball, 8RM, EV 76.3 MPH)
Top of the 2nd over - 0 runs, 1 hit, 0 errors, 2 left on base; Salem 0 - Frederick 0
BOTTOM OF THE 2ND
Frederick Keys batting - Pitching for Salem Red Sox : RHP Giampietro Avellino
Batting: RHB Malik Worley 0-0: Swinging Strike
0-1: SINGLE (Groundball, 34D, EV 98.8 MPH)
Batting: RHB John Larsen 0-0: Ball
1-0: Foul Ball, location: 2RF
1-1: Ball
2-1: SINGLE (Groundball, 4MD, EV 106.9 MPH)
Malik Worley to second
Runner from 2nd tries for 3rd, SAFE, no throw by CF
Batting: RHB Mike Sexton 0-0: Ball
1-0: Called Strike
1-1: Swinging Strike
1-2: Foul Ball, location: 9LSF
1-2: Strikes out swinging
Batting: RHB Darius Williams 0-0: Ball
1-0: Ball
2-0: Called Strike
2-1: Called Strike
2-2: Ball
3-2: Strikes out swinging
Batting: RHB Willie Cruz 0-0: Swinging Strike
0-1: Called Strike
0-2: Strikes out swinging
Bottom of the 2nd over - 0 runs, 2 hits, 0 errors, 2 left on base; Salem 0 - Frederick 0
TOP OF THE 3RD
Salem Red Sox batting - Pitching for Frederick Keys : LHP James Schillaci
Batting: RHB Eddie Chavez 0-0: Ball
1-0: Ball
2-0: Called Strike
2-1: Fly out, F7 (Line Drive, 7LM, EV 94.4 MPH)
Batting: RHB Eddie Pizana 0-0: Ball
1-0: Ball
2-0: TRIPLE (Line Drive, 89XD, EV 98.8 MPH)
Batting: RHB Zane Wilder 0-0: Ball
1-0: Ground out 6-3 (Groundball, 6, EV 84.4 MPH)
Batting: LHB Chris Baker 0-0: Ball
1-0: Foul Ball, location: 2F
1-1: Ball
2-1: Foul Ball, location: 5SF
2-2: DOUBLE (Line Drive, 89XD, EV 110.0 MPH)
Eddie Pizana scores
Batting: RHB Romeo Zimolo 0-0: Ball
1-0: Fly out, F4 (Popup, 3S, EV 85.6 MPH)
Top of the 3rd over - 1 run, 2 hits, 0 errors, 1 left on base; Salem 1 - Frederick 0
BOTTOM OF THE 3RD
Frederick Keys batting - Pitching for Salem Red Sox : RHP Giampietro Avellino
Batting: RHB Jonathan Negrete 0-0: SINGLE (Line Drive, 78S, EV 91.9 MPH)
Batting: SHB Edgar Pedraza 0-0: Ball
1-0: Bunt missed!
1-1: Ball
2-1: Ball
3-1: Bunt missed!
3-2: Foul Ball, location: 2F
3-2: Foul Ball, location: 7LSF
3-2: Strikes out swinging
Batting: RHB Jon Baker 0-0: Ball
1-0: Ball
2-0: Called Strike
2-1: Swinging Strike
2-2: Foul Ball, location: 5SF
2-2: Strikes out looking
Batting: RHB Bob Cairns 0-0: Ball
1-0: Called Strike
1-1: Called Strike
1-2: Foul Ball, location: 23F
1-2: Ball
2-2: Ball
3-2: Foul Ball, location: 2F
3-2: Strikes out swinging
Bottom of the 3rd over - 0 runs, 1 hit, 0 errors, 1 left on base; Salem 1 - Frederick 0
TOP OF THE 4TH
Salem Red Sox batting - Pitching for Frederick Keys : LHP James Schillaci
Batting: RHB Bill Torres 0-0: Called Strike
0-1: Foul Ball, location: 7LDF
0-2: Ball
1-2: Strikes out swinging
Batting: RHB Matt Frank 0-0: Called Strike
0-1: Swinging Strike
0-2: Ball
1-2: Foul Ball, location: 9LSF
1-2: Ball
2-2: Fly out, F9 (Flyball, 89S, EV 92.5 MPH)
Batting: RHB Jesus Barvosa 0-0: Ball
1-0: Foul Ball, location: 9LSF
1-1: Ball
2-1: Ball
3-1: DOUBLE (Line Drive, 78M, EV 93.1 MPH)
Batting: RHB John Ristau Jr. 0-0: Ball
1-0: Foul Ball, location: 25FF
1-1: Called Strike
1-2: Fly out, F8 (Flyball, 89XD, EV 90.0 MPH)
Top of the 4th over - 0 runs, 1 hit, 0 errors, 1 left on base; Salem 1 - Frederick 0
BOTTOM OF THE 4TH
Frederick Keys batting - Pitching for Salem Red Sox : RHP Giampietro Avellino
Batting: RHB Malik Worley 0-0: Foul Ball, location: 3F
0-1: Foul Ball, location: 2F
0-2: Strikes out swinging
Batting: RHB John Larsen 0-0: Ground out 4-3 (Groundball, 4M, EV 103.8 MPH)
Batting: RHB Mike Sexton 0-0: Called Strike
0-1: Called Strike
0-2: Ball
1-2: Strikes out looking
Bottom of the 4th over - 0 runs, 0 hits, 0 errors, 0 left on base; Salem 1 - Frederick 0
TOP OF THE 5TH
Salem Red Sox batting - Pitching for Frederick Keys : LHP James Schillaci
Batting: RHB Eddie Chavez 0-0: Called Strike
0-1: Called Strike
0-2: Ball
1-2: Foul Ball, location: 2F
1-2: Strikes out swinging
Batting: RHB Eddie Pizana 0-0: Foul Ball, location: 3SF
0-1: Foul Ball, location: 2F
0-2: Foul Ball, location: 3FF
0-2: Ball
1-2: Ball
2-2: SINGLE (Groundball, 34S, EV 68.8 MPH) (infield hit)
Pinch Runner at 1st Jose Alvarez:
Batting: RHB Zane Wilder 0-0: SINGLE (Groundball, 6M, EV 95.6 MPH) (infield hit)
Jose Alvarez to second
Pitching: RHP Angel Lopez
Batting: LHB Chris Baker 0-0: Called Strike
0-1: Ball
1-1: Swinging Strike
1-2: Ball
2-2: Strikes out swinging
Batting: RHB Romeo Zimolo 0-0: Ball
1-0: Called Strike
1-1: Ball
2-1: Ball
3-1: Base on Balls
Jose Alvarez to third
Zane Wilder to second
Batting: RHB Bill Torres 0-0: Called Strike
0-1: Foul Ball, location: 2F
0-2: Ground out 4-3 (Groundball, 34, EV 78.8 MPH)
Top of the 5th over - 0 runs, 2 hits, 0 errors, 3 left on base; Salem 1 - Frederick 0
BOTTOM OF THE 5TH
Frederick Keys batting - Pitching for Salem Red Sox : RHP Giampietro Avellino
Now in CF: Jason McIntosh
Batting: RHB Darius Williams 0-0: Foul Ball, location: 2F
0-1: Ball
1-1: Swinging Strike
1-2: Foul Ball, location: 9LDF
1-2: Ground out 4-3 (Groundball, 4, EV 81.3 MPH)
Batting: RHB Willie Cruz 0-0: Swinging Strike
0-1: Ball
1-1: Swinging Strike
1-2: Foul Ball, location: 7LDF
1-2: Ball
2-2: Strikes out swinging, 2-3 out at first.
Batting: RHB Jonathan Negrete 0-0: Called Strike
0-1: Fly out, F8 (Line Drive, 89D, EV 89.4 MPH)
Bottom of the 5th over - 0 runs, 0 hits, 0 errors, 0 left on base; Salem 1 - Frederick 0
TOP OF THE 6TH
Salem Red Sox batting - Pitching for Frederick Keys : RHP Angel Lopez
Batting: RHB Matt Frank 0-0: Ball
1-0: Called Strike
1-1: SINGLE (Groundball, 4D, EV 105.0 MPH)
Batting: RHB Jesus Barvosa 0-0: Ball
1-0: Fly out, F8 (Flyball, 89M, EV 85.6 MPH)
Batting: RHB John Ristau Jr. 0-0: Called Strike
0-1: Called Strike
0-2: SINGLE (Groundball, 56D, EV 97.5 MPH)
Matt Frank to second
Batting: RHB Eddie Chavez 0-0: Ball
1-0: Ball
2-0: SINGLE (Groundball, 56, EV 93.1 MPH)
Matt Frank to third
John Ristau Jr. to second
Runner from 3rd tries for Home, SAFE, throw by LF to home
Batting: LHB Jason McIntosh 0-0: Fly out, F8 (Line Drive, 8LD, EV 110.0 MPH)
Batting: RHB Zane Wilder 0-0: Ball
1-0: Ball
Wild Pitch!
John Ristau Jr. to third
Eddie Chavez to second
2-0: DOUBLE (Flyball, 89XD, EV 95.0 MPH)
John Ristau Jr. scores
Eddie Chavez scores
Pitching: RHP Philip Ramold
Batting: LHB Chris Baker 0-0: Foul Ball, location: 9LSF
0-1: Fly out, F4 (Popup, 4S, EV 70.6 MPH)
Top of the 6th over - 3 runs, 4 hits, 0 errors, 1 left on base; Salem 4 - Frederick 0
BOTTOM OF THE 6TH
Frederick Keys batting - Pitching for Salem Red Sox : RHP Giampietro Avellino
Batting: SHB Edgar Pedraza 0-0: Ball
1-0: Ball
2-0: Ball
3-0: Called Strike
3-1: Foul Ball, location: 3SF
3-2: Foul Ball, location: 7LSFF
3-2: Base on Balls
Pitching: RHP Chance Kinslow
Batting: RHB Jon Baker 0-0: Grounds into double play, 1-6-3 (Groundball, 13S, EV 62.5 MPH)
Batting: RHB Bob Cairns 0-0: Called Strike
0-1: Called Strike
0-2: Strikes out swinging
Bottom of the 6th over - 0 runs, 0 hits, 0 errors, 0 left on base; Salem 4 - Frederick 0
TOP OF THE 7TH
Salem Red Sox batting - Pitching for Frederick Keys : RHP Philip Ramold
Batting: RHB Romeo Zimolo 0-0: Hit by Pitch
Batting: RHB Bill Torres 0-0: Ball
1-0: Ball
Romeo Zimolo steals 2nd base
2-0: Ball
3-0: Called Strike
3-1: Ground out 6-3 (Groundball, 6S, EV 68.1 MPH)
Batting: RHB Matt Frank 0-0: Called Strike
0-1: Ball
1-1: Foul Ball, location: 2F
1-2: Fly out, F8 (Flyball, 8RM, EV 97.5 MPH)
Batting: RHB Jesus Barvosa 0-0: Ball
1-0: Ball
2-0: Called Strike
2-1: Foul Ball, location: 9LSF
2-2: Strikes out swinging
Top of the 7th over - 0 runs, 0 hits, 0 errors, 1 left on base; Salem 4 - Frederick 0
BOTTOM OF THE 7TH
Frederick Keys batting - Pitching for Salem Red Sox : RHP Chance Kinslow
Batting: RHB Malik Worley 0-0: Called Strike
0-1: Fly out, F6 (Popup, 6M, EV 75.6 MPH)
Batting: RHB John Larsen 0-0: Ground out 2-3 (Groundball, 2R, EV 64.4 MPH)
Pinch Hitting: RHB Jose Trujillo 0-0: Ball
1-0: Reached on error, E4 (Groundball, 4, EV 83.1 MPH)
Pinch Hitting: RHB Matt Head 0-0: Ground out 5-3 (Groundball, 56, EV 96.9 MPH)
Bottom of the 7th over - 0 runs, 0 hits, 1 error, 1 left on base; Salem 4 - Frederick 0
TOP OF THE 8TH
Salem Red Sox batting - Pitching for Frederick Keys : RHP Philip Ramold
Now in LF: Matt Head
Now in CF: Juan Colunga
Batting: RHB John Ristau Jr. 0-0: Called Strike
0-1: Fly out, F7 (Flyball, 7, EV 91.9 MPH)
Batting: RHB Eddie Chavez 0-0: Ground out 6-3 (Groundball, 6, EV 105.6 MPH)
Batting: LHB Jason McIntosh 0-0: Ball
1-0: Called Strike
1-1: SINGLE (Groundball, 34D, EV 99.4 MPH)
Batting: RHB Zane Wilder 0-0: Called Strike
0-1: Ball
1-1: Foul Ball, location: 2F
1-2: Ball
2-2: Strikes out swinging
Top of the 8th over - 0 runs, 1 hit, 0 errors, 1 left on base; Salem 4 - Frederick 0
BOTTOM OF THE 8TH
Frederick Keys batting - Pitching for Salem Red Sox : RHP Chance Kinslow
Batting: RHB Willie Cruz 0-0: Ball
1-0: Fly out, F8 (Flyball, 78D, EV 90.6 MPH)
Batting: RHB Jonathan Negrete 0-0: Ball
1-0: Called Strike
1-1: Ball
2-1: Ground out 5-3 (Groundball, 56, EV 83.1 MPH)
Batting: SHB Edgar Pedraza 0-0: Swinging Strike
0-1: Ball
1-1: Foul Ball, location: 2F
1-2: Fly out, F8 (Line Drive, 8LM, EV 98.8 MPH)
Bottom of the 8th over - 0 runs, 0 hits, 0 errors, 0 left on base; Salem 4 - Frederick 0
TOP OF THE 9TH
Salem Red Sox batting - Pitching for Frederick Keys : RHP Philip Ramold
Pitching: RHP Ramon Villanueva
Batting: LHB Chris Baker 0-0: Ball
1-0: SINGLE (Line Drive, 34D, EV 100.6 MPH)
Batting: RHB Romeo Zimolo 0-0: Ball
1-0: Swinging Strike
1-1: Foul Ball, location: 5SF
1-2: Ball
2-2: 2-RUN HOME RUN (Flyball, 7D, EV 97.5 MPH), Distance : 370 ft
Batting: RHB Bill Torres 0-0: Foul Ball, location: 3SF
0-1: Ball
1-1: Hit by Pitch
Batting: RHB Matt Frank 0-0: Swinging Strike
0-1: Swinging Strike
0-2: Ball
1-2: Fly out, F6 (Popup, 6D, EV 70.0 MPH)
Batting: RHB Jesus Barvosa 0-0: Ball
1-0: Foul Ball, location: 3SF
1-1: Swinging Strike
1-2: Strikes out looking
Batting: RHB John Ristau Jr. 0-0: Ball
1-0: Called Strike
1-1: Swinging Strike
1-2: Ball
2-2: Ball
3-2: Foul Ball, location: 2F
3-2: Strikes out swinging
Top of the 9th over - 2 runs, 2 hits, 0 errors, 1 left on base; Salem 6 - Frederick 0
BOTTOM OF THE 9TH
Frederick Keys batting - Pitching for Salem Red Sox : RHP Chance Kinslow
Batting: RHB Jon Baker 0-0: Called Strike
0-1: Ball
1-1: Ball
2-1: Ground out 4-3 (Groundball, 34, EV 93.1 MPH)
Batting: RHB Bob Cairns 0-0: Called Strike
0-1: Called Strike
0-2: Ball
1-2: DOUBLE (Line Drive, 89D, EV 100.6 MPH)
Batting: RHB Malik Worley 0-0: Called Strike
0-1: Swinging Strike
0-2: Strikes out looking
Pinch Hitting: RHB Jimmy Hesch 0-0: SINGLE (Groundball, 13, EV 65.0 MPH) (infield hit)
Bob Cairns to third
Pinch Hitting: RHB Philip Strasser 0-0: Called Strike
0-1: Fly out, F9 (Flyball, 9, EV 91.3 MPH)
Bottom of the 9th over - 0 runs, 2 hits, 0 errors, 2 left on base; Salem 6 - Frederick 0
Sunday, May 5th , 2024 - OOTP Baseball 24.11 Build 85